 Dungeon Crawl Stone Soup version 0.21-a0-104-g7b58145 (webtiles) character file.

63 Celandrion the Skirmisher (level 3, -8/34 HPs)
             Began as a Minotaur Monk on July 6, 2017.
             Killed by nerve-wracking pain
             ... invoked by Grinder
              (10 damage)
             ... on level 3 of the Dungeon.
             The game lasted 00:03:07 (1852 turns).

Celandrion the Skirmisher (Minotaur Monk)           Turns: 1852, Time: 00:03:08

Health: -8/34      AC:  8    Str: 16    XL:     3   Next: 89%
Magic:  2/2        EV:  8    Int:  7    God:
Gold:   48         SH:  0    Dex: 12    Spells: 2/2 levels left

rFire    . . .     SeeInvis .   a - +0 hand axe
rCold    . . .     Gourm    .   (no shield)
rNeg     . . .     Faith    .   m - +0 chain mail
rPois    .         Spirit   .   (helmet restricted)
rElec    .         Reflect  .   (no cloak)
rCorr    .         Harm     .   (no gloves)
MR       .....                  (no boots)
Stlth    ..........             (no amulet)
HPRegen  0.11/turn              (no ring)
MPRegen  0.08/turn              (no ring)

@: no status effects
A: retaliatory headbutt, horns 2
a: no special abilities


You were on level 3 of the Dungeon.
You were not hungry.

You visited 1 branch of the dungeon, and saw 3 of its levels.

You collected 48 gold pieces.

Inventory:

Hand Weapons
 a - a +0 hand axe (weapon)
Armour
 m - a +0 chain mail (worn)
Scrolls
 f - a scroll of remove curse {unknown}
 g - a scroll of random uselessness {unknown}
 j - a scroll of magic mapping {unknown}
 k - a scroll of identify {unknown}
Potions
 d - 3 potions of mutation {unknown}
 e - 2 potions of might {unknown}
 h - a potion of magic {unknown}
 i - 4 potions of curing {unknown}
Comestibles
 b - 2 chunks of flesh
 c - 3 bread rations


   Skills:
 + Level 4.6 Fighting
 + Level 4.2 Axes
 + Level 1.2 Armour
 + Level 3.9 Dodging
 - Level 1.6 Stealth


You had 2 spell levels left.
You didn't know any spells.

Dungeon Overview and Level Annotations

Branches:
Dungeon (3/15)

Altars:
Wu Jian

Annotations:
D:3 Grinder


Innate Abilities, Weirdness & Mutations

You reflexively headbutt those who attack you in melee.
You have a pair of horns on your head.


Message History

Grinder completely misses you. You furiously retaliate!
You headbutt Grinder, but do no damage. Grinder hits you.
You writhe in agony.
You hit Grinder but do no damage.
Grinder is heavily wounded.
Grinder hits you but does no damage.
You hit Grinder.
Grinder is heavily wounded.
Grinder hits you!
* * * LOW HITPOINT WARNING * * *
You writhe in agony.
* * * LOW HITPOINT WARNING * * *
You closely miss Grinder. You headbutt Grinder.
Grinder is severely wounded.
Grinder gestures at you.
You barely resist. You hit Grinder. Your headbutt misses Grinder.
Grinder is severely wounded.
Grinder gestures at you. Pain shoots through your body!
You die...

### .#
..########### #..
#...)........
..#............
#.##...#.#.......
#.....5#.#.......
#.##@.........
.#.....#.......
#......<.<.....
......####.......
..#### ######. .


You could see Grinder.

Vanquished Creatures
  2 adders (D:2)
  3 leopard geckos
  4 bats
  A bat skeleton (D:2)
  A giant cockroach (D:1)
  6 hobgoblins
  7 jackals
  2 kobolds (D:1)
  A quokka (D:2)
  A ball python (D:1)
  2 frilled lizards (D:1)
  A giant cockroach zombie (D:2)
  3 goblins
  3 rats
37 creatures vanquished.

Notes
Turn   | Place    | Note
-------+----------+-------------------------------------------
     0 | D:1      | Celandrion the Minotaur Monk began the quest for the Orb.
     0 | D:1      | Reached XP level 1. HP: 19/19 MP: 0/0
   155 | D:1      | Reached XP level 2. HP: 24/27 MP: 1/1
   656 | D:2      | Reached XP level 3. HP: 8/33 MP: 2/2
  1436 | D:2      | Found an ornate altar of the Wu Jian Council.
  1744 | D:2      | Reached skill level 1 in Armour
  1831 | D:3      | Noticed Grinder
  1844 | D:3      | Paralysed by Grinder for 3 turns
  1850 | D:3      | HP: 1/34 [Grinder (4)]
  1852 | D:3      | Killed from afar by Grinder

Vault maps used:
D:1:      co_arrival_random_square_maze
D:2:      marbit_many_paths, serial_undead, serial_undead_c, serial_undead_b,
          serial_undead_b, serial_undead_b
D:3:      old_standard_altar, hangedman_decor_points, uniq_grinder

Skill      XL: |  1  2  3 |
---------------+----------+-----
Fighting       | 4 |  4.6
Axes           | 4 |  4.2
Armour         | 1 |  1.2
Dodging        | |  3.9
Stealth        | |  1.6

Action                   || total
-------------------------++-------
Melee: Hand axe          ||    94
       Headbutt          ||     8
 Stab: Sleeping          ||     3
  Eat: Chunk             ||     3
Armor: Robe              ||    14
       Chain mail        ||    10
Dodge: Dodged            ||    81
